 Dungeon Crawl Stone Soup version 0.29-a0-1047-g7c58e119a4 (webtiles) character file.

Game seed: 18272553455801825736

1036 codytheliberalslayer the Blocker (level 8, -2/57 (60) HPs)
             Began as a Gnoll Wanderer on Aug 16, 2022.
             Was a Priest of Lugonu.
             Slain by a wight
             ... wielding a +4 flail
              (11 damage)
             ... on level 6 of the Dungeon.
             The game lasted 00:47:03 (5073 turns).

codytheliberalslayer the Blocker (Gnoll Wanderer)   Turns: 5073, Time: 00:47:04

HP:   -2/57 (60)    AC:  8    Str: 10    XL:     8   Next: 24%
MP:   14/14         EV: 11    Int: 11    God:    Lugonu [***...]
Gold: 272           SH: 13    Dex: 16    Spells: 14/15 levels left

rFire   . . .      SeeInvis +   f - +2 dagger (drain)
rCold   . . .      Faith    .   d - +2 buckler
rNeg    . . .      Spirit   .   b - +0 ring mail
rPois   .          Reflect  +   (no helmet)
rElec   .          Harm     .   (no cloak)
rCorr   .          Rampage  .   m - +0 pair of gloves
Will    .....                   z - +0 pair of boots
Stlth   ++........              j - amulet of reflection
HPRegen 0.19/turn               v - ring of see invisible
MPRegen 0.14/turn               (no ring)

@: drained
A: fangs 1, strong nose, distributed training
a: Renounce Religion, Depart the Abyss, Bend Space, Banish


You were on level 6 of the Dungeon.
You worshipped Lugonu.
Lugonu was most pleased with you.
You visited 1 branch of the dungeon, and saw 6 of its levels.

You collected 272 gold pieces.

Inventory:

Hand Weapons
 f - a +2 dagger of draining (weapon)
 x - a +3 short sword
 B - a +0 shortbow
 C - a +2 halberd
Missiles
 i - 4 atropa-tipped darts
 p - 22 poisoned darts (quivered)
 r - 2 throwing nets
 y - 39 stones
Armour
 b - a +0 ring mail (worn)
 d - a +2 buckler (worn)
 m - a +0 pair of gloves (worn)
 z - a +0 pair of boots (worn)
Jewellery
 j - an amulet of reflection (around neck)
 v - a ring of see invisible (left hand)
Scrolls
 e - a scroll of noise {unknown}
 k - a scroll of poison {unknown}
 l - 4 scrolls of identify {unknown}
 n - 3 scrolls of teleportation {unknown}
 q - a scroll of fear {unknown}
 s - a scroll of immolation {unknown}
 u - a scroll of torment {unknown}
Potions
 a - 4 potions of curing {unknown}
 c - 3 potions of lignification
 g - a potion of attraction {unknown}
 h - 2 potions of heal wounds {unknown}
 o - 4 potions of degeneration {unknown}
 t - a potion of mutation {unknown}
 w - a potion of berserk rage {unknown}
 A - a potion of flight {unknown}


   Skills:
 + Level 4.1 Fighting
 + Level 3.2 Short Blades
 + Level 3.2 Long Blades
 + Level 3.2 Axes
 + Level 3.2 Maces & Flails
 + Level 3.2 Polearms
 + Level 3.2 Staves
 + Level 3.2 Ranged Weapons
 + Level 3.2 Throwing
 + Level 4.1 Armour
 + Level 3.2 Dodging
 + Level 4.0 Stealth
 + Level 9.1 Shields
 + Level 3.2 Unarmed Combat
 + Level 4.3 Spellcasting
 + Level 2.6 Conjurations
 + Level 2.6 Hexes
 + Level 2.6 Summonings
 + Level 2.6 Necromancy
 + Level 2.6 Translocations
 + Level 2.6 Transmutations
 + Level 4.6 Fire Magic
 + Level 2.6 Ice Magic
 + Level 2.6 Air Magic
 + Level 2.6 Earth Magic
 + Level 2.6 Poison Magic
 + Level 3.5 Invocations
 + Level 3.2 Evocations


You had 14 spell levels left.
You knew the following spells:

 Your Spells              Type           Power      Damage    Failure   Level
a - Foxfire               Conj/Fire      40%        2x1d6     16%         1

Your spell library contained the following spells:

 Spells                   Type           Power      Damage    Failure   Level
 Conjure Flame            Conj/Fire      10%        6-21      43%         3
 Inner Flame              Hex/Fire       10%        N/A       43%         3
 Ignite Poison            Fire/Tmut/Pois 9%         N/A       47%         3
 Sticky Flame             Conj/Fire      10%        2d3       83%         4


Dungeon Overview and Level Annotations

Branches:
Dungeon (6/15)
 Temple: D:4-7

Altars:
Elyvilon
Sif Muna
Trog
Lugonu

Shops:
D:1 !


Innate Abilities, Weirdness & Mutations

You have very sharp teeth.
Your uncanny sense of smell can sniff out nearby items.
Your experience applies equally to all skills.


Message History

Lugonu accepts your kill.
Your life force feels restored.
Things that are here:
a +2 halberd; a +0 robe
C - a +2 halberd 2 wights come into view.
A wight comes into view. It is wielding a +2 falchion.
The wight hits you with a +4 flail.
You feel drained.
You hit the wight but do no damage. The wight hits you with a +4 flail!
* * * LOW HITPOINT WARNING * * *
You feel drained.
* * * LOW HITPOINT WARNING * * *
You closely miss the wight. You block the wight's attack.
You barely miss the wight. The wight hits you with a +4 flail.
* * * LOW HITPOINT WARNING * * *
You hit the wight but do no damage. You block the wight's attack.
You barely miss the wight. You hit the wight but do no damage.
You block the wight's attack.
You hit the wight but do no damage. You block the wight's attack.
You barely miss the wight. You block the wight's attack.
You barely miss the wight. You block the wight's attack.
You hit the wight. You bite the wight.
The wight is moderately damaged.
You block the wight's attack.
You hit the wight but do no damage.
The wight is moderately damaged.
You block the wight's attack.
You hit the wight but do no damage. Your bite misses the wight.
The wight is moderately damaged.
You hit the wight but do no damage.
The wight is moderately damaged.
The wight closely misses you.
You hit the wight.
The wight is heavily damaged.
The wight hits you with a +4 flail.
* * * LOW HITPOINT WARNING * * *
You hit the wight but do no damage. You bite the wight, but do no damage.
The wight is heavily damaged.
The wight hits you with a +4 flail!
You die...

..## ...# ∆
####... ∆ .....
.... .z# #z# #@#
∆#.# #.# #.# #.#
#[# #.#######
########........
##.........######


You could see 2 wights.

Vanquished Creatures
  An ice beast (D:5)
  An ogre (D:5)
  A centaur (D:5)
  A phantom (D:6)
  3 necrophages
  A wight (D:6)
  A jelly (D:6)
  2 hounds
  2 orc priests (D:5)
  2 iguanas
  2 orc wizards (D:3)
  8 adders
  A white imp (D:5)
  An ufetubus (D:5)
  4 dart slugs (D:1)
  13 orcs
  8 bats
  12 endoplasms
  2 giant cockroaches
  11 goblins
  3 hobgoblins
  2 quokkas (D:2)
  3 ball pythons (D:2)
  5 frilled lizards
  4 kobolds
  8 rats
102 creatures vanquished.

Vanquished Creatures (others)
  A goblin (D:1)
  13 foxfires
14 creatures vanquished.

Grand Total: 116 creatures vanquished

Notes
Turn   | Place    | Note
-------+----------+-------------------------------------------
     0 | D:1      | codytheliberalslayer the Gnoll Wanderer began the quest for
                  | the Orb.
     0 | D:1      | codytheliberalslayer set off with the following items: a +0
                  | dagger, a +0 ring mail, a potion of lignification, a +2
                  | buckler; and the following spell memorised: Foxfire; and
                  | the following spells available to memorise: Inner Flame.
     0 | D:1      | Reached XP level 1. HP: 17/17 MP: 4/4
   164 | D:1      | Reached XP level 2. HP: 9/23 MP: 5/5
   766 | D:1      | Found Qyppae's Distillery.
   795 | D:1      | Reached XP level 3. HP: 28/28 MP: 7/7
   851 | D:1      | Found a faded altar of an unknown god.
   855 | D:1      | Prayed at the altar of an unknown god.
   855 | D:1      | Became a worshipper of Lugonu the Unformed
   855 | D:1      | Reached * piety under Lugonu
   855 | D:1      | Reached ** piety under Lugonu
   992 | D:1      | Reached skill level 1 in Invocations
  1405 | D:2      | Reached skill level 1 in Short Blades
  1405 | D:2      | Reached skill level 1 in Long Blades
  1405 | D:2      | Reached skill level 1 in Axes
  1405 | D:2      | Reached skill level 1 in Maces & Flails
  1405 | D:2      | Reached skill level 1 in Polearms
  1405 | D:2      | Reached skill level 1 in Staves
  1405 | D:2      | Reached skill level 1 in Ranged Weapons
  1405 | D:2      | Reached skill level 1 in Throwing
  1405 | D:2      | Reached skill level 1 in Dodging
  1405 | D:2      | Reached skill level 1 in Unarmed Combat
  1405 | D:2      | Reached skill level 1 in Evocations
  1590 | D:2      | Reached XP level 4. HP: 34/34 MP: 8/8
  1646 | D:2      | Reached *** piety under Lugonu
  1652 | D:2      | Reached skill level 1 in Conjurations
  1652 | D:2      | Reached skill level 1 in Hexes
  1652 | D:2      | Reached skill level 1 in Summonings
  1652 | D:2      | Reached skill level 1 in Necromancy
  1652 | D:2      | Reached skill level 1 in Translocations
  1652 | D:2      | Reached skill level 1 in Transmutations
  1652 | D:2      | Reached skill level 1 in Ice Magic
  1652 | D:2      | Reached skill level 1 in Air Magic
  1652 | D:2      | Reached skill level 1 in Earth Magic
  1652 | D:2      | Reached skill level 1 in Poison Magic
  1976 | D:3      | Found a white marble altar of Elyvilon.
  1976 | D:3      | Found a bloodstained altar of Trog.
  1976 | D:3      | Found a shimmering blue altar of Sif Muna.
  2192 | D:3      | Reached XP level 5. HP: 41/41 MP: 9/9
  2906 | D:3      | Reached XP level 6. HP: 40/47 MP: 5/11
  3127 | D:4      | You fall into a shaft and drop 1 floor!
  3127 | D:5      | Entered Level 5 of the Dungeon
  3345 | D:5      | Noticed an ice beast
  3363 | D:5      | Killed an ice beast
  3364 | D:5      | Reached XP level 7. HP: 51/52 MP: 10/12
  3585 | D:5      | Reached skill level 9 in Shields
  4891 | D:6      | Reached XP level 8. HP: 55/60 MP: 12/14
  5073 | D:6      | Slain by a wight

Illustrated notes

Levels and vault maps discovered:
D:1:      dreamdust_arrival_sigmund_warning, layout_rooms, serial_shops,
          nicolae_square_shop, shapermc_ecumenical_altar_venn,
          dreamdust_princess_corridor
D:2:      layout_rooms, minmay_misc_feat_cross
D:3:      minmay_chambers_of_threes, layout_loops_cross,
          gammafunk_temple_overflow_claw, dk_noncrumbling_4
D:4:      layout_basic
D:5:      layout_basic, wad_floor_pattern_2
D:6:      layout_rooms, lemuel_round_altar, temple_doors_cd,
          dreamdust_wishing_well, uniq_prince_ribbit1

Skill      XL: |  1  2  3  4  5  6  7  8 |
---------------+-------------------------+-----
Invocations    | 1 2 3 |  3.5
Short Blades   | 1 2 3 |  3.2
Long Blades    | 1 2 3 |  3.2
Axes           | 1 2 3 |  3.2
Maces & Flails | 1 2 3 |  3.2
Polearms       | 1 2 3 |  3.2
Staves         | 1 2 3 |  3.2
Ranged Weapons | 1 2 3 |  3.2
Throwing       | 1 2 3 |  3.2
Dodging        | 1 2 3 |  3.2
Unarmed Combat | 1 2 3 |  3.2
Evocations     | 1 2 3 |  3.2
Spellcasting   | 3 4 |  4.3
Conjurations   | 1 2 |  2.6
Hexes          | 1 2 |  2.6
Summonings     | 1 2 |  2.6
Necromancy     | 1 2 |  2.6
Translocations | 1 2 |  2.6
Transmutations | 1 2 |  2.6
Ice Magic      | 1 2 |  2.6
Air Magic      | 1 2 |  2.6
Earth Magic    | 1 2 |  2.6
Poison Magic   | 1 2 |  2.6
Fighting       | 3 4 |  4.1
Armour         | 3 4 |  4.1
Fire Magic     | 4 |  4.6
Stealth        | 3 4 |  4.0
Shields        | 9 |  9.1

Action                   |  1- 3 |  4- 6 |  7- 9 || total
-------------------------+-------+-------+-------++-------
Melee: Dagger            |   165 |   145 |   159 ||   469
       Bite              |    17 |    17 |    15 ||    49
Throw: Throwing net      |     1 |       |       ||     1
       Dart              |     5 |    17 |    11 ||    33
 Cast: Foxfire           |     3 |       |     8 ||    11
Invok: Banish            |       |     9 |       ||     9
       Bend Space        |       |     2 |     1 ||     3
  Use: Potion            |     1 |       |       ||     1
 Stab: Held in net/web   |     1 |       |       ||     1
       Sleeping          |     1 |     1 |     1 ||     3
Armor: Ring mail         |    36 |    37 |    27 ||   100
Dodge: Dodged            |    39 |    53 |    29 ||   121
Block: Buckler           |    86 |   113 |    96 ||   295
       Reflection        |     1 |       |     8 ||     9

Table legend: (Time is in decaauts)
 A = Elapsed time spent in this place.
 B = Non-inter-level travel time spent in this place.
 C = Inter-level travel time spent in this place.
 D = Time resting spent in this place.
 E = Time spent auto-exploring this place.
 F = Levels seen in this place.
 G = Mean time per level.
                   A        B        C        D        E       F      G
               +--------+--------+--------+--------+--------+-----+--------+
         Total |   5025 |   4892 |    133 |    729 |   2105 |   6 |  837.5 |
       Dungeon |   5025 |   4892 |    133 |    729 |   2105 |   6 |  837.5 |
               +--------+--------+--------+--------+--------+-----+--------+

Top non-repeatable levels by time:
     D:5: 1735 daAuts
     D:1: 1302 daAuts
     D:3: 1151 daAuts
     D:2: 645 daAuts
     D:6: 191 daAuts
